[Event "*** Titled Tuesday Blitz"]
[Site "Chess.com"]
[Date "2018.12.04"]
[Round "6"]
[White "GukeshDommaraju"]
[Black "BocharovD"]
[Result "0-1"]
[WhiteElo "2691"]
[BlackElo "2733"]
[TimeControl "180+2"]
[EndTime "14:22:10 PST"]
[Termination "BocharovD won by resignation"]

1. Nf3 d5 2. g3 c6 3. Bg2 Bg4 4. O-O Nd7 5. d3 Ngf6 6. h3 Bxf3 7. Bxf3 e5 8. e4 dxe4 9. dxe4 Bc5 10. Nd2 b5 11. a4 a6 12. Qe2 O-O 13. Nb3 Bb6 14. Bg5 h6 15. Bd2 Nc5 16. Nxc5 Bxc5 17. Rfd1 Qe7 18.
Kg2 Rfd8 19. Bc3 Nd7 20. axb5 axb5 21. Rxa8 Rxa8 22. Qd2 Nb6 23. b3 Qf6 24. Qd3 Qe7 25.
Bg4 g6 26. h4 h5 27. Bf3 Qf6 28. Qd2 Re8 29. Be2 Qe6 30. Bf3 Qe7 31. Qh6 Nd7 32.
Bd2 Nf8 33. Bg5 f6 34. Bc1 Rd8 35. Rxd8 Qxd8 36. g4 hxg4 37. Bxg4 Qd4 38. Qe3 Qxe3 39. Bxe3 Bxe3 40. fxe3 b4 41. Kf3 Kf7 42. Ke2 Ne6 43. Bxe6+ Kxe6 44. Kd3 c5 45. Kc4 g5 46.
Kd3 Kf7 47. hxg5 fxg5 48. Ke2 Kg6 49. Kf3 Kh5 50. Kg3 g4 51. Kh2 Kh4 52. Kg2 g3 53.
Kg1 Kh3 54. Kh1 g2+ 55. Kg1 Kg3 0-1

[Event "*** Titled Tuesday Blitz"]
[Site "Chess.com"]
[Date "2018.12.04"]
[Round "6"]
[White "FearNoEvil12"]
[Black "gemarin"]
[Result "0-1"]
[WhiteElo "1972"]
[BlackElo "2043"]
[TimeControl "180+2"]
[EndTime "14:22:14 PST"]
[Termination "gemarin won by resignation"]

1. e4 c5 2. Nc3 g6 3. f4 Bg7 4. Nf3 d6 5. Bc4 e6 6. f5 a6 7. d3 b5 8. a4 bxc4 9. fxg6 hxg6 10. O-O cxd3 11. cxd3 Nc6 12. Bg5 Nge7 13. Qd2 Qb6 14. Kh1 Rb8 15. Rab1 Qb4 16. Qf4 Rf8 17. Qxd6 Qb6 18. Rbe1 f6 19. Be3 Nd4 20. Qg3 Rb7 21. Qf2 e5 22. Rb1 Be6 23. Nh4 Qd6 24. a5 Rb4 25.
Qg3 Bf7 26. Nd5 Bxd5 27. exd5 g5 28. Qg4 Qxd5 29. Qh5+ Qf7 30. Qxf7+ Rxf7 31. Nf3 Nef5 32. Bg1 Nxf3 33. Rxf3 Nd4 34. Rh3 Rfb7 35. Rh7 Kf7 36. h4 Kg6 37. Rxg7+ Kxg7 38. hxg5 fxg5 39. Kh2 Rxb2 40.
Rf1 Re2 41. Kg3 Rbb2 42. Bf2 Rxf2 43. Rxf2 Rxf2 44. Kxf2 Kf6 45. Ke3 Kf5 46. Kd2 g4 47.
Kc3 Nc6 48. Kc4 Nxa5+ 49. Kxc5 Nb3+ 50. Kb6 Nc1 51. Kxa6 Nxd3 52. Kb5 g3 53. Kc4 Nf4 54. Kc3 Nxg2 55. Kd2 Kf4 56. Ke2 Nh4 57. Kf1 Kf3 58.
Kg1 e4 59. Kf1 e3 60. Kg1 e2 0-1

[Event "*** Titled Tuesday Blitz"]
[Site "Chess.com"]
[Date "2018.12.04"]
[Round "6"]
[White "MFBerna"]
[Black "Sigurbjorn"]
[Result "0-1"]
[WhiteElo "2364"]
[BlackElo "2496"]
[TimeControl "180+2"]
[EndTime "14:22:16 PST"]
[Termination "Sigurbjorn won by resignation"]

1. e4 c5 2. Nf3 d6 3. d4 cxd4 4.
Qxd4 Nc6 5. Bb5 Bd7 6. Bxc6 Bxc6 7. c4 Nf6 8. Nc3 g6 9. O-O Bg7 10. Bg5 O-O 11. Qd3 Rc8 12. Rac1 a6 13. Nd4 Qb6 14. b3 Rfe8 15. Rfd1 Qa5 16. Bh4 Ng4 17. Bg3 h5 18. Qe2 Bd7 19. Nd5 e6 20. Ne3 Nxe3 21. Qxe3 Be5 22. a4 Qc5 23. Nc2 Qc7 24. Bxe5 dxe5 25.
a5 Bc6 26. b4 Ba4 27. c5 Red8 28. Qc3 Rxd1+ 29. Rxd1 Rd8 30. Rd3 Rxd3 31. Qxd3 Qc6 32. Ne3 Bb5 33. Qd8+ Kg7 34. f3 Ba4 35. h4 Qb5 36. Qd2 Bb3 37. Kh2 Qa4 38. Kg3 Qa1 39. Kh2 Qd4 40. Qe1 Ba4 41. Kg3 Bb5 42. Kf2 f5 43.
exf5 exf5 44. Qd1 Bd3 45. Qd2 f4 46. Qe1 fxe3+ 47. Qxe3 Kf6 48. Qxd4 exd4 49. g4 Bb5 50. Ke1 Ke5 51. Kd2 Kf4 0-1

[Event "*** Titled Tuesday Blitz"]
[Site "Chess.com"]
[Date "2018.12.04"]
[Round "6"]
[White "Robert_Chessmood"]
[Black "GadimbayliA"]
[Result "0-1"]
[WhiteElo "2935"]
[BlackElo "2689"]
[TimeControl "180+2"]
[EndTime "14:22:19 PST"]
[Termination "GadimbayliA won by resignation"]

1. e4 e6 2. d4 d5 3. Nc3 Nc6 4. Nf3 Nf6 5. Bd3 Bb4 6. O-O Bxc3 7. exd5 Nxd4 8. bxc3 Nxf3+ 9. Qxf3 Qxd5 10. Qg3 Bd7 11.
Be3 Bc6 12. Rfd1 O-O-O 13. f3 Qd6 14. Qf2 Nd5 15. Bf1 Qa3 16. Bc5 Qa4 17. Bd4 f6 18. Qe1 e5 19. Bf2 Rd7 20. c4 Nb4 21. Rxd7 Bxd7 22. Qc3 Rd8 23. Rb1 Nc6 24. Rb3 a6 25. Qb2 Be6 26. Qb1 b6 27. Bxb6 cxb6 28. Rxb6 Kc7 29.
Rb7+ Kc8 30. Qb6 Rd7 31. Rxd7 Bxd7 32. c5 Nb8 33. c3 Qc6 34. Qb4 Be6 35. a4 Nd7 36.
Qh4 Qxc5+ 37. Kh1 Qxc3 38. Bxa6+ Kd8 39. h3 Qc1+ 40. Kh2 Qf4+ 41. Qxf4 exf4 42. g3 fxg3+ 43. Kxg3 Nc5 44. Bb5 Bd7 45. Bc4 Bxa4 46. Bg8 h6 47. Kg4 Ke7 48. h4 Bd7+ 49. Kh5 Be8+ 50. Kg4 Bf7 51. Bh7 g6 52. h5 f5+ 53. Kg3 Kf6 54. hxg6 Bxg6 55. Bg8 Bf7 56. Bh7 Ne6 57. f4 Nf8 58.
Bxf5 Kxf5 59. Kh4 Ne6 60. Kh3 Nxf4+ 61. Kh4 h5 62. Kg3 Kg5 63. Kh2 h4 64. Kh1 Kg4 0-1

[Event "*** Titled Tuesday Blitz"]
[Site "Chess.com"]
[Date "2018.12.04"]
[Round "6"]
[White "jncool68"]
[Black "DeviatkinAndrey"]
[Result "0-1"]
[WhiteElo "2635"]
[BlackElo "2676"]
[TimeControl "180+2"]
[EndTime "14:22:19 PST"]
[Termination "DeviatkinAndrey won by resignation"]

1. e4 c6 2. d4 d5 3. e5 Bf5 4. Nf3 e6 5. Be2 Nd7 6. O-O Ne7 7. Nbd2 c5 8. c3 Nc6 9. Nb3 cxd4 10. Nbxd4 Bg6 11.
Nxc6 bxc6 12. c4 Bc5 13. b3 O-O 14. Bb2 Qb6 15. Rc1 Rfd8 16. cxd5 exd5 17. Bd3 Nf8 18. Bxg6 hxg6 19. Qc2 Ne6 20. Ng5 Nxg5 21. Qxc5 Qxc5 22. Rxc5 Rac8 23. Rfc1 d4 24. Rxc6 Rxc6 25. Rxc6 Ne6 26. Rc1 g5 27. Kf1 g4 28. Ke2 Kh7 29. g3 Kg6 30.
Kd3 Kf5 31. Re1 Rh8 32. Re2 a6 33. b4 Rxh2 34. Bxd4 Rh1 35. Bc3 Rb1 36. Kc2 Rf1 37.
a4 Nc7 38. Rd2 Ke4 39. Rd4+ Kf5 40. Rf4+ Ke6 41. Rc4 Rxf2+ 42. Kb3 Kd7 43. Rxg4 Ne6 44. b5 axb5 45. axb5 Kc7 46. Ra4 Kb6 47. Kc4 Re2 48. Ra6+ Kb7 49. Rd6 Rg2 50. Ba5 Rc2+ 51. Kd3 Rc5 52.
Rd7+ Kc8 53. Rxf7 Rd5+ 54. Kc4 Rc5+ 55. Kb4 Rxe5 56. Bb6 g5 57. Bf2 Re2 58. b6 Nd8 59.
Bd4 Nxf7 60. Kc5 Kb7 61. Kd5 0-1

[Event "*** Titled Tuesday Blitz"]
[Site "Chess.com"]
[Date "2018.12.04"]
[Round "6"]
[White "M1711"]
[Black "Fins0905"]
[Result "1-0"]
[WhiteElo "2488"]
[BlackElo "2632"]
[TimeControl "180+2"]
[EndTime "14:22:20 PST"]
[Termination "M1711 won by resignation"]

1. e4 d5 2. exd5 Qxd5 3. Qf3 Nf6 4. Qxd5 Nxd5 5. Nc3 Nb4 6. Kd1 Bf5 7. d3 Nd7 8.
Nf3 O-O-O 9. Be2 e6 10. Be3 Nb6 11. Kd2 Nc4+ 12. Kc1 Nxe3 13. fxe3 Bc5 14. e4 Bg6 15. a3 Nc6 16. Kb1 f5 17. Nh4 Nd4 18. Nxg6 hxg6 19. Bd1 Bd6 20. h3 g5 21. Rf1 Rdf8 22.
exf5 Rxf5 23. Rxf5 exf5 24. Ne2 Ne6 25. c3 g4 26.
hxg4 fxg4 27. Bb3 Nc5 28. Kc2 Rh2 29. Rg1 Kd7 30. Bc4 c6 31. b4 Ne6 32. Bxe6+ Kxe6 33. Nd4+ Kd5 34. Nf5 Be5 35. Ne3+ Kd6 36. Nxg4 Rh4 37. Ne3 Rh2 38. d4 Bf4 39. Nf5+ Kd5 40. Kd3 g6 41. Ne7+ Ke6 42. Nxg6 Bg3 43. Ke4 Kf6 44. Kf3 Bd6 45.
Nf4 Rh8 46. Nd3 Kg5 47. g4 Rh3+ 48. Ke2 Rh2+ 49. Nf2 Bf4 50. Kf3 Bd6 51. Ne4+ Kg6 52. Nxd6 1-0

[Event "*** Titled Tuesday Blitz"]
[Site "Chess.com"]
[Date "2018.12.04"]
[Round "6"]
[White "BillForster"]
[Black "Morshynska"]
[Result "0-1"]
[WhiteElo "1717"]
[BlackElo "2071"]
[TimeControl "180+2"]
[EndTime "14:22:23 PST"]
[Termination "Morshynska won on time"]

1. d4 Nf6 2. c4 e6 3. Nc3 Bb4 4. e3 b6 5. Nf3 Bb7 6. Bd3 Ne4 7. Qc2 f5 8. O-O Bxc3 9. bxc3 O-O 10. Ba3 c5 11. Nd2 Nxd2 12. Qxd2 d6 13. f3 Nc6 14.
Rae1 e5 15. Qc2 Qf6 16. d5 Na5 17. e4 f4 18. Bc1 Ba6 19. Qe2 g5 20. g4 Kg7 21.
Kg2 h5 22. h3 Rh8 23. Rh1 Qe7 24. h4 gxh4 25. Qf2 hxg4 26. fxg4 Qg5 27. Qe2 h3+ 28.
Rxh3 Rxh3 29. Kxh3 Rh8+ 30. Kg2 Rh4 31. Rh1 Rxg4+ 32.
Kf1 Kg8 33. Qh2 Qg7 34. Qh5 Kf8 35. Qh8+ Qxh8 36. Rxh8+ Rg8 37. Rh7 Rg7 38. Rh8+ Kf7 39. Ra8 Kg6 40. Rd8 Nb7 41. Ra8 Na5 42. Rd8 Nxc4 43.
Bxc4 Bxc4+ 44. Kf2 Rh7 45. Rxd6+ Kg5 46. Re6 Kg4 47. Rxe5 Rh2+ 48. Kg1 Rc2 49. Ba3 Rxc3 0-1

[Event "*** Titled Tuesday Blitz"]
[Site "Chess.com"]
[Date "2018.12.04"]
[Round "6"]
[White "Naruto-K"]
[Black "chessking2151"]
[Result "0-1"]
[WhiteElo "2441"]
[BlackElo "2557"]
[TimeControl "180+2"]
[EndTime "14:22:34 PST"]
[Termination "chessking2151 won by checkmate"]

1. d4 Nf6 2. Bf4 d5 3. e3 c5 4.
c3 e6 5. Nd2 Bd6 6. Bg3 O-O 7.
Ngf3 Qc7 8. Bd3 Nbd7 9. O-O Bxg3 10.
hxg3 b6 11. e4 dxe4 12. Nxe4 Bb7 13. Qe2 Rad8 14. Rfd1 Rfe8 15. Rd2 cxd4 16. Nxd4 Nxe4 17. Bxe4 Bxe4 18. Qxe4 Nf6 19. Qe2 Rd5 20. Rad1 Red8 21. Nc2 Rxd2 22. Rxd2 Rxd2 23. Qxd2 h6 24. Qd4 e5 25. Qe3 Qc4 26. b3 Qd5 27. Qe1 b5 28.
Ne3 Qd3 29. c4 bxc4 30. Nxc4 e4 31. Ne3 h5 32. Qd1 Qc3 33. Qb1 g6 34. Qd1 Kg7 35. Kf1 Qb2 36. Qc2 Qa1+ 37. Ke2 a5 38. Qd2 Qb1 39. Qxa5 Qd3+ 40. Ke1 Qb1+ 41. Kd2 Qb2+ 42.
Nc2 Qb1 43. Qa7 Qf1 44. Ne1 Ng4 45. Qd4+ f6 46. Qxe4 Qxf2+ 47. Qe2 Qxg3 48. Nd3 Qc7 49. b4 Qc4 50. Ke1 Qc3+ 51. Qd2 Qa1+ 52. Ke2 h4 53. Kf3 Nh2+ 54. Ke4 Nf1 55. Qe1 Ng3+ 56. Kf3 Qxa2 57. Qe7+ Kh6 58. Qf8+ Kh7 59. Qxf6 Qe2+ 60. Kf4 Nh5+ 61.
Kg5 Qxg2+ 62. Kxh4 Nxf6 63. Ne5 g5# 0-1

[Event "*** Titled Tuesday Blitz"]
[Site "Chess.com"]
[Date "2018.12.04"]
[Round "6"]
[White "Manukyan_Artak"]
[Black "AsaHoffmann"]
[Result "1-0"]
[WhiteElo "2398"]
[BlackElo "2168"]
[TimeControl "180+2"]
[EndTime "14:22:35 PST"]
[Termination "Manukyan_Artak won on time"]

1. e4 d6 2. d4 Nf6 3. f3 Nbd7 4. c4 e5 5. d5 Be7 6. Nc3 Nh5 7. Nge2 Bg5 8. g3 Bxc1 9. Qxc1 g6 10. Qh6 Qf6 11. Bg2 Qg7 12. Qe3 a6 13. O-O-O b5 14. cxb5 axb5 15.
Nxb5 O-O 16. Kb1 Nc5 17. Nxc7 Rb8 18. Nc3 Bd7 19. Bf1 Rfc8 20. N7b5 Qf6 21. Rc1 Qe7 22.
Ka1 f5 23. Na3 fxe4 24. fxe4 Nf6 25. Be2 Rb4 26. Nc2 Rb7 27. Na3 Rcb8 28. Nc4 Rb4 29. Rc2 Bb5 30. Nxb5 R4xb5 31. Nd2 Qa7 32. Bxb5 Rxb5 33. Kb1 Rb4 34. Rhc1 Qb7 35. b3 Kg7 36. Rc4 Rb5 37. h3 h6 38. g4 Nfd7 39. g5 hxg5 40.
Qxg5 Nf6 41. Rg1 Qf7 42. Kc2 Rb8 43. h4 Rh8 44. Rxc5 dxc5 45. Qxe5 Rxh4 46. Rf1 Rh5 47. Qc3 Qe7 48. Kb2 Re5 49. d6 Qe6 50. Nc4 Rxe4 51. d7 Re2+ 52. Ka3 Qa6+ 53. Na5 1-0

[Event "*** Titled Tuesday Blitz"]
[Site "Chess.com"]
[Date "2018.12.04"]
[Round "6"]
[White "LawrenceTrent"]
[Black "hansen"]
[Result "0-1"]
[WhiteElo "2475"]
[BlackElo "2769"]
[TimeControl "180+2"]
[EndTime "14:22:35 PST"]
[Termination "hansen won by resignation"]

1. e4 c5 2. Nf3 e6 3. Nc3 a6 4. d4 cxd4 5. Nxd4 Qc7 6. Qf3 Nc6 7. Nxc6 bxc6 8. Bd3 Nf6 9. Bf4 e5 10. Bg5 Be7 11.
O-O Rb8 12. b3 O-O 13. Bc4 a5 14. Rad1 h6 15. Bh4 d6 16. h3 Be6 17. Qe2 Bxc4 18.
Qxc4 Rb4 19. Qe2 Rd4 20. Bxf6 Bxf6 21. Qa6 Rb8 22. Rxd4 exd4 23. Ne2 Rb5 24. a4 Rb4 25. Rd1 Be5 26. Nc1 Rb8 27. Nd3 Re8 28. Re1 Rb8 29. g3 h5 30. h4 Bf6 31. Kg2 g6 32.
Nf4 Kg7 33. Qc4 Qb7 34. f3 Re8 35. Re2 Qb6 36. Qd3 Qc5 37. Nh3 Be5 38. f4 Bf6 39. Nf2 Qb6 40. Qf3 c5 41. Nd3 Qa6 42. Nb2 Qc8 43. Nc4 Qc7 44. e5 dxe5 45. fxe5 Bxe5 46. Qe4 f6 47. Qd5 Rd8 48. Qe4 Re8 49. Qd5 Re7 50.
Qa8 Qd7 51. Nb6 Qg4 52. Qe4 Qxg3+ 53. Kf1 Qh3+ 54. Ke1 Bg3+ 55. Kd1 Rxe4 56. Rxe4 0-1

[Event "*** Titled Tuesday Blitz"]
[Site "Chess.com"]
[Date "2018.12.04"]
[Round "6"]
[White "vovachesss"]
[Black "Fighterman91"]
[Result "1-0"]
[WhiteElo "2502"]
[BlackElo "2599"]
[TimeControl "180+2"]
[EndTime "14:22:37 PST"]
[Termination "vovachesss won by resignation"]

1. Nf3 c5 2. b3 Nc6 3. Bb2 d6 4. e3 e5 5. c4 Nf6 6. d4 e4 7.
d5 Ne7 8. Ng5 Ng6 9. Nd2 Bf5 10.
Qc2 Qe7 11. f3 exf3 12. Qxf5 Qxe3+ 13. Kd1 Nh4 14. Qh3 Qxg5 15. gxf3 Nf5 16. Bd3 Nd4 17.
Re1+ Be7 18. Ne4 Nxe4 19. Rxe4 Kd8 20. Bxd4 cxd4 21. Kc2 Bf6 22. Rae1 g6 23. Rg4 Qh5 24.
Qxh5 gxh5 25. Rf4 Bg5 26. Rxf7 Be3 27. Rxb7 Rg8 28. Bxh7 Rg2+ 29. Kd3 Rxh2 30. Ke4 a5 31.
Kf5 Rg2 32. Ke6 Rg5 33. Kxd6 Rc8 34. Rd7+ Ke8 35. Re7+ Kf8 36. Re4 Kg7 37. Re7+ Kh6 38. Kd7 Ra8 39. Be4 Ra7+ 40. Ke6 Rxe7+ 41. Kxe7 Bd2 42.
Rd1 Bb4+ 43. Kd7 Rg7+ 44. Kc6 h4 45. c5 h3 46. d6 h2 47. Rh1 Rg5 48. Rxh2+ Kg7 49.
Rh7+ Kg8 50. d7 Rxc5+ 51. Kb6 1-0

[Event "*** Titled Tuesday Blitz"]
[Site "Chess.com"]
[Date "2018.12.04"]
[Round "6"]
[White "Tjktiger"]
[Black "Micki-taryan"]
[Result "1-0"]
[WhiteElo "2687"]
[BlackElo "2882"]
[TimeControl "180+2"]
[EndTime "14:22:40 PST"]
[Termination "Tjktiger won by resignation"]

1. c4 e5 2. Nc3 Nc6 3. Nf3 Nf6 4. e3 Bb4 5. Qc2 Bxc3 6. Qxc3 Qe7 7. b3 d5 8. d4 exd4 9. Nxd4 Nxd4 10. Qxd4 c5 11.
Qf4 dxc4 12. Bxc4 O-O 13. Bb2 Ne4 14. Be5 Re8 15. O-O-O Bg4 16. Rd5 Be6 17. Rhd1 Bxd5 18. Rxd5 Nf6 19. Bxf6 gxf6 20. Bd3 Red8 21. Bxh7+ Kf8 22.
Rh5 Qd6 23. Qxd6+ Rxd6 24. Be4 Ke7 25. Bxb7 Rg8 26. Rxc5 Rgd8 27. Bf3 R6d7 28. Rc2 f5 29. h4 Kf6 30. g3 Rd6 31. a4 Ke5 32. h5 Kf6 33. Kb2 Rd2 34. Kc3 Rxc2+ 35. Kxc2 Rc8+ 36. Kd3 Rd8+ 37. Kc3 Rc8+ 38. Kb2 Rd8 39. Kc3 Rc8+ 40. Kd3 Rd8+ 41. Ke2 a5 42. Bc6 Kg5 43. Bf3 Rd6 44.
Ke1 Rd3 45. Bd1 Rd6 46. f4+ Kh6 47. Bc2 Rb6 48. Bd1 Re6 49. Kf2 Rd6 50. Ke1 Rd3 51.
Ke2 Rc3 52. Kd2 Rc6 53. Bc2 Rd6+ 54. Kc3 Rc6+ 55. Kd2 Rb6 56. Kc3 Rc6+ 57. Kd2 Rc5 58. Bd1 Rd5+ 59. Kc2 Rc5+ 60. Kd2 Rd5+ 61. Kc2 Rd6 62. Bf3 Rd7 63. Kc3 Re7 64. Kd3 Rd7+ 65. Kc3 Re7 66. Kd4 Rd7+ 67. Kc4 Re7 68. Kd4 Re8 69. Bd5 Rd8 70. Ke5 Kxh5 71. Bxf7+ Kg4 72. Be6 Re8 73. Kf6 Rf8+ 74. Ke5 Re8 75. Kf6 Rf8+ 76.
Ke7 Rb8 77. e4 Kxg3 78. exf5 Rb7+ 79. Bd7 Rxb3 80. f6 Re3+ 81. Be6 1-0

[Event "*** Titled Tuesday Blitz"]
[Site "Chess.com"]
[Date "2018.12.04"]
[Round "6"]
[White "Durarbayli"]
[Black "SantoBlue"]
[Result "0-1"]
[WhiteElo "2703"]
[BlackElo "2723"]
[TimeControl "180+2"]
[EndTime "14:22:41 PST"]
[Termination "SantoBlue won by resignation"]

1. e4 e5 2. Nf3 Nc6 3. Bb5 a6 4. Ba4 Nf6 5. d3 d6 6. c3 g6 7. O-O Bg7 8. h3 O-O 9. Be3 Bd7 10. Nbd2 Qe8 11. Bb3 Kh8 12. Re1 Nh5 13. d4 f5 14.
exf5 gxf5 15. dxe5 dxe5 16. Bc5 Rf6 17. Nxe5 Nxe5 18. Bd4 Rg6 19. Bxe5 Bxe5 20. Nf3 Bc6 21. Rxe5 Rxg2+ 22. Kf1 Qg6 23. Qd4 Nf6 24. Re6 Bxf3 25. Qxf6+ Qxf6 26. Rxf6 Rh2 27. Ke1 Rd8 28. Bc4 Rh1+ 29.
Bf1 Bg2 30. Ke2 Bxf1+ 31. Ke3 Rxh3+ 32. f3 Re8+ 33. Kf4 Bd3 34. Rg1 Be2 35. Rg3 Rxg3 36. Kxg3 Bd3 37. Rf7 Rc8 38. Kf4 b5 39. b3 Bb1 40. a3 a5 41. b4 axb4 42. axb4 c5 43. Rb7 cxb4 44. cxb4 Bd3 45. Kg5 Rg8+ 46. Kf6 f4 47.
Ke5 Rf8 48. Kd4 Be2 49. Ke4 Bc4 50. Rc7 Kg8 51. Rc5 Kg7 52. Rg5+ Kh6 53. Rg4 Kh5 54.
Ke5 h6 55. Ke4 Re8+ 56. Kxf4 Rf8+ 57. Kg3 Rxf3+ 58. Kxf3 Be2+ 0-1

[Event "*** Titled Tuesday Blitz"]
[Site "Chess.com"]
[Date "2018.12.04"]
[Round "6"]
[White "hypert"]
[Black "Jbd735"]
[Result "1-0"]
[WhiteElo "2404"]
[BlackElo "2515"]
[TimeControl "180+2"]
[EndTime "14:22:45 PST"]
[Termination "hypert won by resignation"]

1. Nf3 d5 2. g3 Nf6 3. Bg2 c6 4. O-O Bf5 5. d3 h6 6. c4 e6 7.
Be3 Be7 8. Nc3 O-O 9. Qb3 b6 10. a4 Nbd7 11. Nd4 dxc4 12. Qxc4 Ne5 13. Qb3 Rc8 14.
Nxf5 exf5 15. a5 Neg4 16. Bf4 g5 17. Bd2 Bc5 18. Na4 Qd6 19. Nxc5 Qxc5 20. Rfc1 Qxf2+ 21. Kh1 Qd4 22. h3 Ne3 23. Qc3 Qxc3 24. bxc3 Nxg2 25.
Kxg2 Rfe8 26. Kf2 Kg7 27. c4 Kg6 28. Rcb1 Nd7 29. axb6 axb6 30. Ra7 Rcd8 31. Rc7 Re6 32. Ra1 Nc5 33. Rb1 Rde8 34. Re1 Rd8 35. Be3 Nd7 36. Rb7 c5 37. Bd2 Ne5 38. Bc3 Rdd6 39. Rb1 Rc6 40. Bxe5 Rxe5 41. R1xb6 Ree6 42. Rb5 f4 43. gxf4 gxf4 44. Rd7 f6 45. Rd5 Re3 46. h4 Rce6 47.
h5+ Kf7 48. Rb7+ Ke8 49. Rxc5 Rxe2+ 50. Kf3 R2e3+ 51. Kxf4 Rxd3 52. Kf5 Ra6 53. Rc8+ Rd8 54. Rxd8+ Kxd8 55. Kg6 Rc6 56. Kxh6 Rxc4 57. Kg6 Rh4 58. h6 f5 59. h7 Kc8 60. Rf7 f4 61. Rf8+ Kd7 62. h8=Q Rxh8 63. Rxh8 Ke6 64. Rf8 Ke5 65.
Kg5 Ke4 66. Rxf4+ 1-0

[Event "*** Titled Tuesday Blitz"]
[Site "Chess.com"]
[Date "2018.12.04"]
[Round "6"]
[White "Wolverine_master"]
[Black "aa175"]
[Result "1-0"]
[WhiteElo "2133"]
[BlackElo "1924"]
[TimeControl "180+2"]
[EndTime "14:22:46 PST"]
[Termination "Wolverine_master won on time"]

1. e4 e5 2. Nf3 Nc6 3. d4 exd4 4. Bc4 Nf6 5. e5 d5 6. Bb5 Ne4 7. Nxd4 Bd7 8. Bxc6 bxc6 9. O-O Bc5 10. Be3 Qe7 11. f3 Nd6 12. f4 Nc4 13. Bc1 Bg4 14. Qd3 Be2 15. Qxe2 Bxd4+ 16. Kh1 Bxb2 17. Bxb2 Nxb2 18. Nd2 Na4 19. Qa6 Nb6 20. a4 Qc5 21. a5 Nd7 22. Qb7 Ke7 23. Nb3 Qxc2 24. Rac1 Rab8 25. Qxb8 Qxc1 26.
Rxc1 Rxb8 27. Nd4 Rb7 28. Nxc6+ Ke8 29. g4 Nb8 30. Nxb8 Rxb8 31. Rxc7 Rb1+ 32. Kg2 Rb2+ 33.
Kg3 a6 34. Ra7 Rb3+ 35. Kh4 d4 36. Rxa6 Rb2 37. Kg3 d3 38. Rd6 Rb3 39. Kf2 Rb2+ 40. Ke3 Rxh2 41. Kxd3 Ra2 42. a6 g6 43. Kc4 h5 44.
gxh5 gxh5 45. Rh6 h4 46. Kb5 h3 47. Rxh3 Rb2+ 48. Kc6 Rc2+ 49. Kb7 Rb2+ 50. Ka7 Ke7 51. f5 Ke8 52. Ka8 Rb1 53. a7 Ke7 54. Rh8 Kd7 55.
Rb8 Ra1 56. Rb7+ Ke8 57. Kb8 1-0

[Event "*** Titled Tuesday Blitz"]
[Site "Chess.com"]
[Date "2018.12.04"]
[Round "6"]
[White "burbur555"]
[Black "josmito10"]
[Result "0-1"]
[WhiteElo "2564"]
[BlackElo "2691"]
[TimeControl "180+2"]
[EndTime "14:22:48 PST"]
[Termination "josmito10 won by resignation"]

1. d4 Nf6 2. Nf3 d5 3. c4 e6 4. g3 Be7 5. Bg2 O-O 6. O-O dxc4 7. Qc2 a6 8. a4 Bd7 9. Bg5 Bc6 10. Rd1 Nbd7 11.
Nc3 Nd5 12. Bxe7 Qxe7 13. e4 Nxc3 14. bxc3 b5 15. Nd2 e5 16. Nf1 Rfe8 17. Ne3 g6 18. Nd5 Bxd5 19. exd5 Qd6 20. Qb2 exd4 21. Rxd4 Rab8 22.
axb5 axb5 23. h4 Nc5 24. Rb1 Nd3 25. Qd2 Rb6 26. h5 Re5 27. h6 g5 28. Be4 Nc5 29.
Bc2 Qxh6 30. Re1 Rxe1+ 31. Qxe1 Qf6 32. Qe3 h6 33. Rd1 Na4 34. Bxa4 bxa4 35. Qe8+ Kg7 36. Qxa4 Qxc3 37. Qa7 Qe5 38. Qa2 c3 39. Qc4 Rb2 40.
Rc1 Kf6 41. Qxc3 Qxc3 42. Rxc3 Rb7 43. Rc6+ Ke5 44. Rxh6 Kxd5 45. Rf6 c5 46. Rf5+ Kd4 47. Rxg5 c4 48. Rg8 c3 49. Rd8+ Kc4 50. Rc8+ Kd3 51. Rd8+ Ke2 52. Re8+ Kd1 53. Rd8+ Kc1 54. Rc8 c2 55. f4 Kb1 56. Kf2 c1=Q 0-1

[Event "*** Titled Tuesday Blitz"]
[Site "Chess.com"]
[Date "2018.12.04"]
[Round "6"]
[White "WorldChampionBulletChess"]
[Black "DonPreuss"]
[Result "1-0"]
[WhiteElo "2094"]
[BlackElo "2134"]
[TimeControl "180+2"]
[EndTime "14:22:49 PST"]
[Termination "WorldChampionBulletChess won by resignation"]

1. d4 Nc6 2. Nf3 e5 3. dxe5 f6 4. exf6 Nxf6 5. Nc3 d5 6. Bg5 Be6 7. e3 Bd6 8. Bb5 O-O 9. O-O Qe8 10. Nd4 Bxh2+ 11. Kxh2 Ng4+ 12. Kg3 Qh5 13. Rh1 Qxg5 14.
Nxe6 Qe5+ 15. Nf4 Nf6 16. Nxd5 Ne4+ 17. Kf3 g5 18. g3 gxf4 19. gxf4 Ng5+ 20. Ke2 Qe4 21.
fxg5 Qf3+ 22. Kd2 Qxd5+ 23. Bd3 Rxf2+ 24. Kc1 Nb4 25. Bxh7+ Kg7 26. Qxd5 Nxd5 27. e4 Ne3 28. Bf5 Nxf5 29. exf5 Rxf5 30. Rg1 Rf2 31. b3 Re8 32. Kb2 Ree2 33. Rac1 Kg6 34. a3 c5 35. Rg3 b6 36.
Rd3 Kxg5 37. Rd7 a5 38. Rd6 b5 39. Rd5+ Kf4 40. Rxc5 b4 41. Rc4+ Ke3 42. axb4 axb4 43.
Rxb4 Rg2 44. Rb8 Ref2 45. Re8+ Kd2 46. Rd8+ Ke2 47. b4 Rf4 48. Kb3 Rgg4 49. c3 Ke3 50. Re1+ Kf2 51. Ree8 Rg1 52. Rf8 Rb1+ 53. Ka4 Rxf8 54.
Rxf8+ Ke3 55. Rd8 Ke4 56. Kb5 Ke5 57. c4 Ke6 58. c5 Ke7 59. Rd2 1-0

[Event "*** Titled Tuesday Blitz"]
[Site "Chess.com"]
[Date "2018.12.04"]
[Round "6"]
[White "vugarrasulov"]
[Black "capatl"]
[Result "1-0"]
[WhiteElo "2798"]
[BlackElo "2558"]
[TimeControl "180+2"]
[EndTime "14:23:02 PST"]
[Termination "vugarrasulov won by checkmate"]

1. e4 c5 2. Nf3 e6 3. d4 cxd4 4.
Nxd4 a6 5. Nc3 Qc7 6. g3 d6 7.
Bg2 Bd7 8. O-O Nc6 9. Nb3 Nf6 10. f4 Be7 11. Be3 Na5 12. Nxa5 Qxa5 13. a4 Bc6 14.
Kh1 O-O 15. g4 Qb4 16. Bd4 e5 17. fxe5 dxe5 18. Bxe5 Nxe4 19. Nd5 Bxd5 20. Qxd5 Nf6 21. Qxb7 Qxb7 22. Bxb7 Ra7 23. Bf3 Rc8 24. c3 Nd7 25.
Bd4 Bc5 26. Rad1 Bxd4 27. Rxd4 Ne5 28. Kg2 Nc4 29. Kg3 Rac7 30. Rfd1 g6 31. Rd8+ Kg7 32. Rxc8 Rxc8 33. b3 Ne5 34. Re1 Nxf3 35. Kxf3 Rxc3+ 36. Re3 Rc2 37. h3 a5 38. Ke4 Rd2 39. Rc3 Kh6 40. Rc5 Rb2 41. Rb5 f6 42. Kd4 Kg7 43. Kc3 Rh2 44. Rxa5 Rxh3+ 45. Kb2 Rg3 46. Rb5 Rxg4 47.
a5 h5 48. a6 Re4 49. a7 Re2+ 50. Ka3 Re1 51. Kb4 Re4+ 52. Ka5 Re1 53. Rb4 Re5+ 54. Ka6 Re6+ 55. Rb6 Re1 56. b4 Ra1+ 57. Kb7 h4 58.
Ra6 Rb1 59. a8=Q Rxb4+ 60. Kc7 Rg4 61. Kd6 h3 62. Ra7+ Kh6 63. Qh8+ Kg5 64. Qxh3 f5 65. Ke6 Re4+ 66. Kf7 Rh4 67. Qg2+ Rg4 68. Qd2+ Kh4 69. Kf6 g5 70. Qh2# 1-0

[Event "*** Titled Tuesday Blitz"]
[Site "Chess.com"]
[Date "2018.12.04"]
[Round "6"]
[White "bascheyaro"]
[Black "Paparama_1917"]
[Result "1-0"]
[WhiteElo "2781"]
[BlackElo "2588"]
[TimeControl "180+2"]
[EndTime "14:23:07 PST"]
[Termination "bascheyaro won by resignation"]

1. d4 d6 2. c4 e5 3. dxe5 dxe5 4.
Qxd8+ Kxd8 5. f4 e4 6. Nc3 f5 7. Be3 c6 8. Nh3 Nf6 9. Ng5 Kc7 10. Bd4 Bb4 11. Be5+ Kb6 12. a3 Bxc3+ 13. Bxc3 Rf8 14.
c5+ Ka6 15. e3+ b5 16. a4 Kb7 17. axb5 cxb5 18. Bxb5 h6 19. Nh3 Bd7 20. Bc4 Rc8 21. b4 a5 22. Kd2 axb4 23. Bxb4 Na6 24. Bxa6+ Rxa6 25. Rxa6 Kxa6 26. Rb1 Ng4 27. Ba3 Bb5 28. Bb2 Rxc5 29. Ra1+ Kb7 30. Bxg7 Nxh2 31. Bd4 Rc4 32.
Nf2 Ra4 33. Rh1 Ra2+ 34. Kc3 Rxf2 35. Rxh2 Bf1 36. Rxh6 Rxg2 37. Rh5 Bd3 38. Rxf5 Rc2+ 39. Kb3 Rc7 40. Re5 Rf7 41. Kb4 Kc6 42. Re6+ Kd5 43. Re5+ Kd6 44. Bc5+ Kd7 45. Kc3 Kc6 46. Rh5 Rb7 47. Bd4 Rb1 48. f5 Rc1+ 49. Kd2 Rc2+ 50.
Kd1 Rf2 51. Rh6+ Kd5 52. f6 Kc4 53. Rh8 Rf1+ 54. Kd2 Rf2+ 55. Kc1 Rf1+ 56. Kb2 Rf2+ 57. Ka3 Rf1 58. Rc8+ Kb5 59. Kb2 Rb1+ 60. Ka2 Rf1 61. Rc7 Bc4+ 62. Kb2 Be6 63. Re7 Bd5 64. Kc3 Rc1+ 65.
Kd2 Rf1 66. Rc7 Bc4 67. Be5 Rf2+ 68. Kc3 Be6 69. Bf4 Ra2 70. f7 Ra8 71. Bh6 Bxf7 72. Rxf7 Ra3+ 73. Kd4 Ra4+ 74. Kd5 1-0